 Dungeon Crawl Stone Soup version 0.28.0 (webtiles) character file.

Game seed: 9248479811863426071

7663 flyleaff the Cleaver (level 10, -8/153 HPs)
             Began as a Minotaur Berserker on Feb 11, 2022.
             Was an Elder of Trog.
             Mangled by a four-headed hydra (13 damage)
             ... while paralysed by a floating eye
             ... on level 10 of the Dungeon.
             The game lasted 00:28:04 (10219 turns).

flyleaff the Cleaver (Minotaur Berserker)          Turns: 10219, Time: 00:28:05

Health: -8/153     AC: 12    Str: 27    XL:     10   Next: 99%
Magic:  9/9        EV:  2    Int:  4    God:    Trog [****..]
Gold:   468        SH:  0    Dex:  9    Spells: 9/9 levels left

rFire   + . .      SeeInvis .   g - +0 dire flail
rCold   + . .      Faith    .   (shield currently unavailable)
rNeg    + . .      Spirit   .   x - +0 chain mail
rPois   +          Reflect  .   o - -2 hat of the Alchemist {rElec rPois rF+ rC+ rN+ Will+ rMut rCorr}
rElec   +          Harm     .   t - +0 cloak
rCorr   +          Rampage  .   c - +0 pair of gloves
rMut    +                       (no boots)
Will    +++..                   (no amulet)
Stlth   ..........              w - ring of willpower
HPRegen 0.35/turn               u - ring of willpower
MPRegen 0.11/turn

@: paralysed, berserking (expiring)
A: horns 2, retaliatory headbutt, robust 1
a: Renounce Religion, Berserk, Trog's Hand, Brothers in Arms


You were on level 10 of the Dungeon.
You worshipped Trog.
Trog was greatly pleased with you.
You visited 2 branches of the dungeon, and saw 11 of its levels.

You collected 561 gold pieces.
You spent 93 gold pieces at shops.

Inventory:

Hand Weapons
 g - a +0 dire flail (weapon)
 r - a +1 vampiric hand axe
 y - a +5 great sword
 A - a +6 hand axe of freezing
 C - a +1 vorpal shortbow
 G - a +2 vorpal hunting sling
Missiles
 i - 197 stones
 m - 2 boomerangs
 n - 13 poisoned darts (quivered)
 p - 4 atropa-tipped darts
 v - 71 sling bullets
 D - 117 arrows
 F - 3 silver boomerangs
Armour
 b - a +0 plate armour
 c - a +0 pair of gloves (worn)
 o - the -2 hat of the Alchemist (worn) {rElec rPois rF+ rC+ rN+ Will+ rMut rCorr}
   (You acquired it on level 7 of the Dungeon)

   rF:        It protects you from fire.
   rC:        It protects you from cold.
   rElec:     It insulates you from electricity.
   rPois:     It protects you from poison.
   rN:        It protects you from negative energy.
   rCorr:     It protects you from acid and corrosion.
   rMut:      It protects you from mutation.
   Will:      It increases your willpower.
 t - a +0 cloak (worn)
 x - a +0 chain mail (worn)
 H - a +2 leather armour of poison resistance
Jewellery
 u - a ring of willpower (right hand)
 w - a ring of willpower (left hand)
Wands
 d - a wand of flame (18)
 B - a wand of polymorph (5)
Scrolls
 s - 5 scrolls of teleportation
 E - a scroll of silence
Potions
 a - 2 potions of attraction
 e - 3 potions of might
 f - 3 potions of mutation
 h - 3 potions of flight
 j - a potion of magic
 k - a potion of heal wounds
 l - 2 potions of lignification
 q - a potion of ambrosia
 z - 3 potions of curing


   Skills:
 + Level 9.8 Fighting
 + Level 12.1 Axes
 - Level 6.0 Throwing
 + Level 10.4 Armour
 - Level 2.1 Dodging
 - Level 6.0 Shields


You had 9 spell levels left.
You didn't know any spells.
Your spell library was empty.

Dungeon Overview and Level Annotations

Branches:
Dungeon (10/15)            Temple (1/1) D:6
   Lair: D:8-11         Orc: D:9-12

Altars:
Ashenzari
Cheibriados
Dithmenos
Elyvilon
Fedhas
Gozag
Hepliaklqana
Kikubaaqudgha
Makhleb
Nemelex Xobeh
Okawaru
Ru
Sif Muna
Trog
Uskayaw
Vehumet
Wu Jian
Xom
Yredelemnul
Zin
The Shining One

Shops:
D:3 *   D:5 (   D:6 =


Innate Abilities, Weirdness & Mutations

You have a pair of horns on your head.
You reflexively headbutt those who attack you in melee.
You are robust. (+10% HP)


Message History

You impale the four-headed hydra!! You headbutt the four-headed hydra!
The four-headed hydra is heavily wounded.
A floating eye comes into view.
You hit the four-headed hydra.
The four-headed hydra is heavily wounded.
The four-headed hydra bites you.
The four-headed hydra closely misses you.
The four-headed hydra barely misses you.
The four-headed hydra bites you. The floating eye seems to glare at you.
You sock the four-headed hydra!
Your headbutt misses the four-headed hydra.
The four-headed hydra is severely wounded.
You barely miss the four-headed hydra.
The four-headed hydra is severely wounded.
The four-headed hydra bites you.
* * * LOW HITPOINT WARNING * * *
The four-headed hydra bites you.
* * * LOW HITPOINT WARNING * * *
The four-headed hydra bites you but does no damage.
The four-headed hydra bites you.
* * * LOW HITPOINT WARNING * * *
The floating eye gazes piercingly through you!
You suddenly lose the ability to move!
The shadow strikes at you from the darkness!
* * * LOW HITPOINT WARNING * * *
Reactivating autopickup.
The four-headed hydra bites you.
* * * LOW HITPOINT WARNING * * *
The four-headed hydra bites you.
* * * LOW HITPOINT WARNING * * *
The four-headed hydra bites you but does no damage.
The four-headed hydra bites you.
* * * LOW HITPOINT WARNING * * *
The shadow hits you. The four-headed hydra bites you.
* * * LOW HITPOINT WARNING * * *
The four-headed hydra bites you!
* * * LOW HITPOINT WARNING * * *
The four-headed hydra bites you!
You die...

# #.#######.#.
Y. .....#...
#.##.....#
#.#<.....##
#.##......#
######.##......#
.......)#).....#
......GD@...!..#
#.#.#.#W.)##.###
# ##(....#
#...#### ##..#
.$## ##.# ..#
#.#


You could see a four-headed hydra, a shadow and a floating eye.

Vanquished Creatures
  A two-headed ogre (D:10)
  Pikel (D:4)
  A deep elf pyromancer (D:10)
  2 manticores
  Joseph (D:9)
  A troll (D:9)
  Sigmund (D:3)
  3 yaks (D:10)
  A wyvern (D:9)
  An acid dragon (D:6)
  4 water moccasins
  Duvessa (D:4)
  5 orc warriors
  A hornet zombie (D:9)
  2 ice beasts
  A black bear (D:7)
  2 necrophages
  3 centaurs
  2 phantoms
  A kobold brigand (D:9)
  4 bullfrogs
  A wyvern zombie (D:6)
  A water moccasin zombie (D:5)
  A gnoll sergeant (D:9)
  2 scorpions
  A water moccasin skeleton (D:4)
  Dowan (D:4)
  5 wights (D:8)
  A howler monkey (D:9)
  A centaur zombie (D:8)
  A bullfrog zombie (D:6)
  4 hounds
  A jelly (D:5)
  10 orc priests
  Crazy Yiuf (D:6)
  A centaur skeleton (D:6)
  A bullfrog skeleton (D:5)
  2 iguanas
  Terence (D:3)
  12 orc wizards
  2 howler monkey zombies
  Robin (D:3)
  5 gnolls (D:9)
  A howler monkey skeleton (D:6)
  7 adders
  2 shadow imps
  A white imp (D:7)
  An adder skeleton (D:4)
  2 worms
  22 orcs
  2 ball pythons
  5 endoplasms
  5 giant cockroaches
  5 hobgoblins (D:3)
  2 jackals (D:2)
  17 kobolds
  A quokka (D:2)
  3 bats
  3 frilled lizards
  14 goblins
  5 rats
193 creatures vanquished.

Notes
Turn   | Place    | Note
-------+----------+-------------------------------------------
     0 | D:1      | flyleaff the Minotaur Berserker began the quest for the
                  | Orb.
     0 | D:1      | Reached XP level 1. HP: 19/19 MP: 0/0
   877 | D:2      | Reached skill level 4 in Axes
   877 | D:2      | Reached XP level 2. HP: 22/27 MP: 1/1
  1037 | D:2      | Reached XP level 3. HP: 29/33 MP: 2/2
  1295 | D:2      | Found a faded altar of an unknown god.
  1299 | D:2      | Reached ** piety under Trog
  1679 | D:3      | Found Raniurr's General Store.
  1688 | D:3      | Bought a potion of heal wounds for 50 gold pieces
  1688 | D:3      | Bought a potion of lignification for 30 gold pieces
  1849 | D:3      | Reached XP level 4. HP: 40/40 MP: 3/3
  1924 | D:3      | Noticed Robin
  1937 | D:3      | Killed Robin
  2157 | D:3      | Reached skill level 5 in Axes
  2257 | D:3      | Noticed Terence
  2266 | D:3      | Killed Terence
  2555 | D:3      | Noticed Sigmund
  2558 | D:3      | Reached XP level 5. HP: 47/47 MP: 4/4
  2588 | D:3      | Killed Sigmund
  2589 | D:3      | Reached skill level 5 in Fighting
  2589 | D:3      | Reached skill level 6 in Axes
  2589 | D:3      | Reached skill level 5 in Armour
  2589 | D:3      | Reached XP level 6. HP: 49/56 MP: 5/5
  2856 | D:4      | Noticed Pikel
  2860 | D:4      | Noticed an orc warrior
  2868 | D:4      | Killed Pikel
  2869 | D:4      | Reached skill level 7 in Axes
  2869 | D:4      | Reached XP level 7. HP: 42/62 MP: 6/6
  3313 | D:4      | Reached skill level 8 in Axes
  3313 | D:4      | Reached XP level 8. HP: 70/70 MP: 7/7
  3339 | D:4      | Reached skill level 1 in Shields
  3613 | D:4      | Reached *** piety under Trog
  3633 | D:4      | Noticed Duvessa
  3633 | D:4      | Noticed Dowan
  3642 | D:4      | Killed Duvessa
  3668 | D:4      | Killed Dowan
  4013 | D:5      | Entered Level 5 of the Dungeon
  4038 | D:5      | Gained mutation: You are robust. (+10% HP) [potion of
                  | mutation]
  4120 | D:5      | Reached skill level 9 in Axes
  4271 | D:5      | Found an opulent altar of Gozag.
  4276 | D:5      | Found an iron altar of Okawaru.
  4283 | D:5      | Found a snail-covered altar of Cheibriados.
  4420 | D:5      | Found a glowing silver altar of Zin.
  4420 | D:5      | Noticed an angel
  4422 | D:5      | Found a shimmering altar of Xom.
  4450 | D:5      | Found Sonno's Weapon Shop.
  4541 | D:5      | Bought 3 poisoned darts for 13 gold pieces
  4579 | D:5      | Reached XP level 9. HP: 57/86 MP: 8/8
  5107 | D:6      | Reached skill level 10 in Axes
  5346 | D:6      | Found a staircase to the Ecumenical Temple.
  5387 | Temple   | Entered the Ecumenical Temple
  5658 | D:6      | Reached **** piety under Trog
  5784 | D:6      | Found Fimewesm's Jewellery Shop.
  5982 | D:6      | Found a runed translucent door.
  5983 | D:6      | Noticed Crazy Yiuf
  5990 | D:6      | Killed Crazy Yiuf
  6250 | D:7      | Reached skill level 5 in Shields
  6381 | D:7      | Reached skill level 11 in Axes
  6458 | D:7      | Identified a scroll of acquirement
  6458 | D:7      | Acquired the -2 hat of the Alchemist {rElec rPois rF+ rC+
                  | rN+ Will+ rMut rCorr}
  6458 | D:7      | Found the -2 hat of the Alchemist {rElec rPois rF+ rC+ rN+
                  | Will+ rMut rCorr}
  6812 | D:8      | Found a hide-covered altar of Uskayaw.
  6852 | D:8      | Noticed a manticore
  6869 | D:8      | Killed a manticore
  6998 | D:8      | Found an ornate altar of the Wu Jian Council.
  7034 | D:8      | Reached XP level 10. HP: 99/99 MP: 9/9
  8407 | D:9      | Reached skill level 5 in Throwing
  9204 | D:9      | Noticed a manticore
  9233 | D:9      | Killed a manticore
  9567 | D:9      | Noticed Joseph
  9805 | D:9      | Killed Joseph
 10168 | D:10     | Entered Level 10 of the Dungeon
 10169 | D:10     | Noticed a deep elf pyromancer
 10177 | D:10     | Killed a deep elf pyromancer
 10194 | D:10     | Noticed a two-headed ogre
 10198 | D:10     | Reached skill level 10 in Armour
 10202 | D:10     | Noticed a four-headed hydra
 10210 | D:10     | Killed a two-headed ogre
 10211 | D:10     | Reached skill level 12 in Axes
 10217 | D:10     | Paralysed by a floating eye for 4 turns
 10219 | D:10     | HP: 5/153 [four-headed hydra (13)]
 10219 | D:10     | Mangled by a four-headed hydra

Illustrated notes

Levels and vault maps discovered:
D:1:      dpeg_arrival_concentric_ovals, layout_loops_ring
D:2:      layout_basic, chequers_ecumenical_altar_lobes, grunt_decor_resistance,
          minmay_domino_4
D:3:      minmay_door_path, layout_rooms, serial_shops, shop, minmay_unequal,
          uniq_robin, uniq_terence, uniq_sigmund
D:4:      layout_loops_cross, uniq_pikel, uniq_duvessa
D:5:      layout_cave_pools, grunt_temple_overflow_order_and_chaos_1,
          grunt_temple_overflow_diamond, serial_shops,
          nicolae_shop_hallway_plus, hangedman_abyss_or_decor_stagger,
          hangedman_decor_riveting
D:6:      layout_cave_pools, minmay_temple_entry_arrows, serial_shops,
          nicolae_shop_window_shopping, uniq_crazy_yiuf_cottage
D:7:      layout_rooms
D:8:      layout_cave_pods, mainiacjoe_overflow_six_doors_small,
          mainiacjoe_overflow_surrounded_room, minmay_misc_feat_more_columns
D:9:      layout_irregular_city, uniq_joseph
D:10:     layout_basic, nicolae_qazlal_general_emergency, david_orc_3,
          onia_ninara_cookie
Temple:   minmay_temple_curvy_branch

Skill      XL: |  1  2  3  4  5  6  7  8  9 10 |
---------------+-------------------------------+-----
Axes           | 4 5 6 7 8 9 11 12 | 12.1
Armour         | 3 4 5 6 7 8 9 10 | 10.4
Fighting       | 4 5 6 7 8 9 |  9.8
Shields        | 3 5 6 |  6.0
Throwing       | 3 6 |  6.0
Dodging        | |  2.1

Action                   |  1- 3 |  4- 6 |  7- 9 | 10-12 || total
-------------------------+-------+-------+-------+-------++-------
Melee: Hand axe          |    75 |   101 |   289 |   170 ||   635
       Headbutt          |    10 |    11 |    59 |    36 ||   116
       Punch             |       |       |     4 |     3 ||     7
       Dire flail        |       |       |       |     5 ||     5
Throw: Boomerang         |       |       |     9 |    15 ||    24
       Dart              |       |       |     7 |    38 ||    45
       Stone             |       |       |       |     3 ||     3
Invok: Berserk           |       |     1 |     3 |     4 ||     8
       Trog's Hand       |       |       |     1 |     3 ||     4
  Use: Scroll            |       |       |    16 |     4 ||    20
       Potion            |       |       |     1 |     4 ||     5
Armor: Plate armour      |    45 |    39 |       |       ||    84
       Ring mail         |       |    14 |     3 |       ||    17
       Chain mail        |       |       |   106 |    83 ||   189
Dodge: Dodged            |    30 |    27 |   100 |    74 ||   231
